 Dungeon Crawl Stone Soup version 0.30-a0-916-g9813417 (webtiles) character file.

Game seed: 4317230243185541539

1845862 BIGROY the Conqueror (level 26, 266/266 HPs)
             Began as a Minotaur Berserker on Apr 5, 2023.
             Was an Elder of Trog.
             Escaped with the Orb
             ... and 3 runes on Apr 8, 2023!
             The game lasted 07:46:12 (57156 turns).

BIGROY the Conqueror (Minotaur Berserker)          Turns: 57156, Time: 07:46:13

Health: 266/266    AC: 49    Str: 36      XL:     26   Next: 50%
Magic:  22/22      EV: 20    Int:  1 (4)  God:    Trog [****..]
Gold:   3973       SH:  0    Dex: 15      Spells: 25/25 levels left

rFire   + . .      SeeInvis +    a - +11 executioner's axe of Honour {freeze, rC++ rN+ Str+3}
rCold   + + +      Faith    .    (shield currently unavailable)
rNeg    + + +      Spirit   .    l - +11 gold dragon scales "Nozemaoc" {rElec rPois rF+ rC+}
rPois   +          Reflect  .    (helmet restricted)
rElec   +          Rampage  .    i - +2 cloak {Will+}
rCorr   +                        C - +2 pair of gloves
Will    ++++.                    o - +1 pair of boots Stlth
                                 N - macabre finger necklace {Finger+ rN+}
HPRegen 0.64/turn                e - ring of Qiun Oku {Wiz Contam rPois rCorr Slay+6}
MPRegen 0.18/turn                S - ring "Uwkay" {+Blink Dex+6 SInv}
                                 U - ring "Impek" {rPois rN+ Will+ Stlth+}

@: studying Polearms
A: horns 2, retaliatory headbutt, strong-willed 1, sense surroundings 2, weak 1,
no potion heal 1, subdued magic 1
0: Orb of Zot
}: 3/15 runes: decaying, slimy, gossamer
a: Renounce Religion, Evoke Blink, Berserk, Trog's Hand, Brothers in Arms


You escaped.
You worshipped Trog.
Trog was greatly pleased with you.
You visited 11 branches of the dungeon, and saw 52 of its levels.
You visited 1 bazaar.
You also visited: Volcano and Wizlab.

You collected 8083 gold pieces.
You spent 4110 gold pieces at shops.

Inventory:

Hand Weapons
 a - the +11 executioner's axe of Honour (weapon) {freeze, rC++ rN+ Str+3}
   (You acquired it on level 2 of the Dungeon)

   Str:       It affects your strength (+3).
   rC:        It greatly protects you from cold.
   rN:        It protects you from negative energy.
 h - a +9 antimagic executioner's axe
Missiles
 w - 7 throwing nets (quivered)
Armour
 i - a +2 cloak of willpower (worn)
 l - the +11 gold dragon scales "Nozemaoc" (worn) {rElec rPois rF+ rC+}
   (You bought it in a shop on level 2 of the Orcish Mines)

   rF:        It protects you from fire.
   rC:        It protects you from cold.
   rElec:     It insulates you from electricity.
   rPois:     It protects you from poison.
 o - a +1 pair of boots (worn)
 C - a +2 pair of gloves (worn)
Jewellery
 e - the ring of Qiun Oku (left hand) {Wiz Contam rPois rCorr Slay+6}
   (You took it off a deep elf annihilator on level 2 of the Vaults)

   [ring of wizardry]

   It improves your spell success rate.
   Slay:      It affects your accuracy & damage with ranged weapons and melee
   (+6).
   rPois:     It protects you from poison.
   Contam:    It causes magical contamination when unequipped.
   rCorr:     It protects you from acid and corrosion.
 n - a ring of protection from cold
 v - a ring of resist corrosion
 x - a ring of positive energy
 y - a ring of protection from fire
 H - an amulet of regeneration
 N - the macabre finger necklace (around neck) {Finger+ rN+}
   (You bought it in a shop on level 3 of the Vaults)

   [amulet of nothing]

   Finger+:   It enables you to equip an extra ring.
   rN:        It protects you from negative energy.
 R - a +4 ring of protection
 S - the ring "Uwkay" (right hand) {+Blink Dex+6 SInv}
   (You found it on level 3 of the Lair of Beasts)

   [ring of dexterity]

   Dex:       It affects your dexterity (+6).
   SInv:      It lets you see invisible.
   +Blink:    It lets you blink.
 U - the ring "Impek" (on amulet) {rPois rN+ Will+ Stlth+}
   (You took it off a deep elf high priest on level 3 of the Elven Halls)

   [ring of poison resistance]

   rPois:     It protects you from poison.
   rN:        It protects you from negative energy.
   Will:      It increases your willpower.
   Stlth:     It makes you more stealthy.
 Z - a ring of flight
Wands
 m - a wand of flame (4)
 s - a wand of roots (46)
 F - a wand of quicksilver (33)
 Q - a wand of digging (2)
Scrolls
 f - 11 scrolls of magic mapping
 p - 27 scrolls of identify
 t - 6 scrolls of silence
 B - a scroll of butterflies
 D - 3 scrolls of enchant weapon
 E - 20 scrolls of teleportation
 G - 8 scrolls of blinking
 J - 3 scrolls of enchant armour
 L - 9 scrolls of fog
 O - 10 scrolls of fear
 P - 3 scrolls of brand weapon
 W - a scroll of poison
Potions
 b - 3 potions of resistance
 d - 20 potions of curing
 k - 8 potions of flight
 q - 10 potions of lignification
 r - 3 potions of cancellation
 u - 4 potions of heal wounds
 z - 12 potions of ambrosia
 A - 3 potions of might
 I - 11 potions of attraction
 T - 2 potions of mutation
 V - 3 potions of invisibility
Miscellaneous
 c - a condenser vane
 M - a phial of floods
 Y - a piece from Xom's chessboard (15/15)


   Skills:
 O Level 27 Fighting
 - Level 24.0 Axes
 + Level 19.6 Throwing
 O Level 27 Armour
 O Level 27 Dodging


You had 25 spell levels left.
You didn't know any spells.
Your spell library was empty.

Dungeon Overview and Level Annotations

Branches:
Dungeon (15/15)            Temple (1/1) D:7            Lair (5/5) D:8
  Swamp (4/4) Lair:2       Spider (4/4) Lair:3        Slime (5/5) Lair:5
    Orc (2/2) D:12            Elf (3/3) Orc:2        Vaults (4/5) D:13
  Crypt (0/3) Vaults:2     Depths (4/4) D:15            Zot (5/5) Depths:4
Volcano (visited)          WizLab (visited)

Altars:
Ashenzari
Cheibriados
Dithmenos
Elyvilon
Fedhas
Gozag
Hepliaklqana
Kikubaaqudgha
Makhleb
Nemelex Xobeh
Okawaru
Qazlal
Ru
Sif Muna
Trog
Uskayaw
Vehumet
Wu Jian
Xom
Yredelemnul
Zin
The Shining One
Jiyva
Lugonu

Shops:
D:7 [   Orc:1 (   Orc:2 [=*:   Elf:2 =   Vaults:1 [[(?*   Vaults:3 (([=(
Vaults:4 *   Depths:3 ?[*(

Portals:
Hell: Depths:1 Depths:2 Depths:3 Depths:4
Abyss: Slime:2 Depths:3
Pandemonium: Depths:2
Ziggurat: Depths:4
Trove: Vaults:1 (give 7 potions of haste)

Annotations:
D:9 exclusion: smoke demon
Lair:1 exclusion: oklob plant


Innate Abilities, Weirdness & Mutations

You have a pair of horns on your head.
You reflexively headbutt those who attack you in melee.
You are strong-willed. (Will+)
You passively map the area around you.
You are weak. (Str -2)
Potions are less effective at restoring your health.
Your spells are a little easier to cast, but a little less powerful.


Message History

The demonspawn black sun shouts!
You climb upwards.
There is a stone staircase leading down here.
There is a stone staircase leading up here.
You climb upwards.
There is a stone staircase leading down here.
A smoke demon comes into view.
The smoke demon gestures at you. The ball of steam hits you. You resist.
The smoke demon attacks as you move away!
The smoke demon barely misses you. The smoke demon misses you.
The smoke demon hits you but does no damage.
The smoke demon gestures at you. The ball of steam misses you.
The smoke demon gestures at you.
The ball of steam hits you but does no damage.
Unknown command.
You cut the smoke demon into ribbons!!!!
You freeze the smoke demon!
You kill the smoke demon!
Trog accepts your kill.
Aiming: Dig
Press: ? - help, Shift-Dir - straight line A rock wall.
This square is covered in magical glow.
The rock shatters into small pieces.
Unknown command.
Unknown command.
Unknown command.
Unknown command.
Unknown command.
Unknown command.
Unknown command.
Unknown command.
Unknown command.
Unknown command.
Unknown command.
Unknown command.
There is a staircase leading out of the dungeon here.
You have escaped!

#...#(.#.#.###..## ##.#......
......##.##..###.# #.#......
..#...#.##.#...#.# #.#......
#..#...#.######[## ###.#......
.#...#..#...#.### #...#......
......##.###.#.### #...#†.....
#...##...#.#.##..# #...##'####
.#....##.#..##..## #..........
...##...##.#..#.@# #..........
##########################..#.###
###################...........#
......................#####.###
.....#................#####.####
.....#.............)...........#
..#.......................#.##.##
#....................#....#.##..#
#....................#....#.###.#


There were no monsters in sight!

Vanquished Creatures
  A pandemonium lord (D:14)
  the Royal Jelly (Slime:5)
  3 ancient liches
  12 orbs of fire
  A juggernaut (Depths:4)
  3 Killer Klowns (Zot:5)
  Bai Suzhen (Swamp:4)
  3 curse toes
  5 caustic shrikes (Depths:4)
  5 golden dragons
  A bone dragon (Depths:4)
  5 electric golems
  15 tentacled monstrosities
  Jorgrun (Orc:2)
  A walking crystal tome (Depths:3)
  Zenata (Elf:3)
  29 Orb Guardians
  3 quicksilver dragons
  Asterion (Spider:4)
  2 deep elf blademasters (Elf:3)
  6 liches
  A titan (Vaults:3)
  2 deep elf master archers (Elf:3)
  25 acid blobs
  10 death cobs
  3 Executioners
  3 sphinxes
  9 tengu reavers
  2 thorn hunters (Swamp:3)
  Donald (Slime:1)
  The ghost of Orra the Bludgeoner, an adept MiAK of Lugonu (D:15)
  12 azure jellies
  Roxanne (D:15)
  17 storm dragons
  The ghost of Saziung the Peltast, an adept HuFi of Gozag (Lair:3)
  6 shadow dragons
  3 fenstrider witches
  8 draconian knights
  5 rockslimes
  6 draconian monks
  10 vault wardens
  8 frost giants
  8 fire giants
  4 deep elf sorcerers
  14 draconian scorchers
  3 emperor scorpions (Spider:4)
  7 ghost moths
  2 iron dragons
  2 deep elf elementalists
  A caustic shrike zombie (Depths:2)
  2 spriggan defenders (Depths:2)
  15 very ugly things
  5 draconian stormcallers
  The ghost of Feol the Fighter, a journeyman OgDe of Wu Jian (Lair:3)
  2 ghouls (Swamp:3)
  7 draconian shifters
  4 war gargoyles
  An orc warlord (Orc:1)
  15 draconian annihilators
  11 quicksilver oozes
  18 ironbound preservers
  15 stone giants
  The ghost of skewfiend the Convoker, a journeyman DESu of Sif Muna (Elf:1)
  A broodmother (Spider:1)
  12 ironbound thunderhulks
  A juggernaut skeleton (Depths:1)
  15 green draconians
  3 bunyips
  8 deep elf demonologists
  10 black draconians
  6 eleionomae
  9 red draconians
  21 white draconians
  The ghost of hattey the Cruncher, a journeyman HuWn of Okawaru (Lair:3)
  6 deep elf annihilators
  The ghost of Maefebo the Transmogrifier, a journeyman TrTm (Lair:3)
  19 dire elephants
  10 yellow draconians
  168 slime creatures
  21 purple draconians
  4 spark wasps
  11 ettins
  A blizzard demon (D:15)
  5 deep elf death magi
  2 jiangshi (Depths:2)
  6 crystal guardians
  Snorg (D:10)
  20 yaktaur captains
  Harold (D:10)
  7 fire dragons
  3 shambling mangroves (Swamp:3)
  3 entropy weavers
  The ghost of Jisoaxargh the Marksspriggan, a journeyman SpHu of Hepliaklqana (Lair:3)
  A rakshasa (Depths:1)
  2 deep elf high priests (Elf:3)
  11 great orbs of eyes
  2 salamander tyrants (WizLab)
  8 ice dragons
  5 peacekeepers (WizLab)
  14 vault guards
  33 hydras
  A jorogumo (Spider:3)
  A jorogumo (shapeshifter) (Depths:4)
  Erica (Orc:1)
  5 ironbound frosthearts
  A catoblepas (Lair:5)
  3 radroaches
  3 ghost crabs
  11 spriggan air magi
  8 alligators
  9 boulder beetles
  25 dancing weapons
  2 ogre magi
  13 two-headed ogres
  3 deep troll shamans
  18 centaur warriors
  3 death yaks (Lair:5)
  3 deep troll earth magi
  A hell hog (Volcano)
  7 tengu warriors
  The ghost of Dega the Nimble, a journeyman SpHu of Dithmenos (D:11)
  7 vampire magi
  Sonja (D:10)
  A large abomination (D:8)
  5 deep elf knights
  6 spriggan berserkers
  4 orc high priests (Orc:2)
  An iron troll (Depths:2)
  A skyshark (Lair:5)
  A shadow wraith (Vaults:2)
  A sixfirhy (D:14)
  7 goliath frogs
  A skeletal warrior (D:11)
  A deep troll (shapeshifter) (Vaults:3)
  A sun moth (Spider:1)
  52 deep trolls
  A shadow demon (D:14)
  12 swamp dragons
  2 flayed ghosts
  4 pharaoh ants
  6 orb spiders
  6 spriggan druids
  2 deep elf archers (Elf:1)
  7 glowing orange brains
  5 bog bodies
  2 phantasmal warriors (Vaults:3)
  16 ironbound convokers
  13 lindwurms
  An obsidian statue (D:9)
  An orc knight (Orc:2)
  An orange crystal statue (D:12)
  3 steelbarb worms
  9 wizards
  2 necromancers
  7 shining eyes
  28 deep elf pyromancers
  24 deep elf zephyrmancers
  42 ugly things
  3 manticores
  5 cyclopes
  A salamander (shapeshifter) (D:14)
  4 salamanders (WizLab)
  9 wolf spiders
  8 will-o-the-wisps
  15 elephants
  An orc sorcerer (Depths:1)
  A moth of wrath (shapeshifter) (Vaults:4)
  31 moths of wrath
  A frost giant skeleton (Depths:1)
  3 black mambas
  4 eyes of devastation
  13 vault sentinels
  4 molten gargoyles (WizLab)
  7 demonic crawlers
  2 rust devils
  A smoke demon (D:1)
  2 unseen horrors
  3 torpor snails
  51 yaktaurs
  An orange demon (D:5)
  12 gargoyles
  11 cane toads
  A hellion (D:12)
  A freezing wraith (D:13)
  12 rime drakes
  A rime drake (shapeshifter) (Elf:3)
  14 komodo dragons
  A kobold demonologist (D:11)
  4 tengu conjurers
  An ice devil (D:15)
  2 efreet
  A golden dragon simulacrum (Depths:2)
  A tormentor (D:14)
  A meliai (shapeshifter) (Elf:1)
  4 spriggan skeletons
  A polar bear (shapeshifter) (D:13)
  4 polar bears
  3 trolls
  A bloated husk (Swamp:2)
  6 meliai
  A wolf spider simulacrum (D:15)
  A wind drake (shapeshifter) (Vaults:2)
  A hornet (shapeshifter) (D:14)
  15 blink frogs
  Grinder (D:6)
  3 dream sheep
  A sphinx simulacrum (Depths:2)
  12 tarantellas
  10 tyrant leeches
  A raiju (shapeshifter) (D:14)
  2 tarantellas (shapeshifter)
  17 hornets
  An air elemental (Elf:2)
  3 centaur simulacra (D:15)
  13 spriggans
  3 wraiths
  Sigmund (D:6)
  28 jumping spiders
  A shadow (D:9)
  14 culicivoras
  6 wyverns
  A vampire (D:11)
  2 fire bats (Volcano)
  A water elemental (Elf:2)
  3 fire elementals
  40 yaks
  6 basilisks
  8 golden eyes
  Grum (D:8)
  51 redbacks
  3 steam dragons
  16 vampire mosquitoes
  A redback (shapeshifter) (Vaults:2)
  11 wargs
  A neqoxec (D:14)
  14 swamp worms
  6 water moccasins
  6 acid dragons
  3 hell hounds
  A floating eye (Slime:3)
  A sky beast (D:7)
  A meliai simulacrum (D:15)
  3 ice beasts
  16 orc warriors
  14 swamp drakes
  3 black bears
  5 boggarts (Vaults:1)
  4 centaurs
  8 ogres
  25 wolves
  2 phantoms
  A kobold brigand (D:7)
  9 bullfrogs
  3 scorpions
  5 earth elementals
  2 gnoll sergeants
  12 wights
  A hornet simulacrum (D:15)
  12 killer bees
  8 howler monkeys
  4 electric eels
  33 orc priests
  6 hounds
  3 jellies
  2 sleepcaps
  A gnoll bouda (D:5)
  Ijyb (D:3)
  6 hell rats (Lair:4)
  2 iguanas
  15 orc wizards
  2 lightning spires (WizLab)
  15 gnolls
  7 adders
  15 river rats
  2 white imps
  A worm (D:3)
  3 dart slugs
  86 orcs
  9 ball pythons
  9 endoplasms
  4 giant cockroaches (D:1)
  11 goblins
  9 hobgoblins
  5 jackals
  12 kobolds
  10 quokkas
  7 bats
  A frilled lizard (D:3)
  23 rats
  2 briar patches (Swamp:3)
  A lurking horror (Slime:2)
  A plant (D:8)
2233 creatures vanquished.

Vanquished Creatures (collateral kills)
  An orb of fire (Zot:5)
  Saint Roka (Vaults:4)
  A fire giant (Depths:3)
  An emperor scorpion (Spider:4)
  A vault warden (Vaults:3)
  A stone giant (Depths:2)
  2 ironbound preservers (Vaults:1)
  2 ironbound thunderhulks
  2 bunyips
  A yaktaur captain (Vaults:3)
  2 jiangshi (Depths:2)
  A quicksilver dragon skeleton (Depths:2)
  A great orb of eyes (Vaults:3)
  2 ice dragons (Depths:2)
  A hydra (D:11)
  A centaur warrior (Vaults:3)
  A two-headed ogre (D:15)
  A dancing weapon (Elf:2)
  A goliath frog (Swamp:2)
  A bog body (Swamp:1)
  3 ironbound convokers
  A deep elf pyromancer (D:15)
  A moth of wrath (Spider:4)
  A cyclops (D:11)
  3 vault sentinels
  A black mamba (Lair:5)
  2 rime drakes (Lair:5)
  A yaktaur (Vaults:3)
  2 komodo dragons (Lair:5)
  3 hornets
  2 slime creatures (Vaults:4)
  4 yaks (Lair:5)
  A steam dragon (Lair:5)
  A warg (Orc:2)
  An acid dragon (Lair:5)
  An ogre (D:15)
  An earth elemental (WizLab)
  A howler monkey (D:11)
  An orc priest (Orc:2)
  2 iguanas (Lair:5)
  6 orcs (Orc:2)
64 creatures vanquished.

Vanquished Creatures (others)
  A deep elf pyromancer (D:11)
  3 bloated husks
  A swamp drake (Swamp:4)
  2 orc priests (D:11)
  20 foxfires
  34 fungi
  61 plants
  19 toadstools (Lair:1)
141 creatures vanquished.

Grand Total: 2438 creatures vanquished

Notes
Turn   | Place    | Note
-------+----------+-------------------------------------------
     0 | D:1      | BIGROY the Minotaur Berserker began the quest for the Orb.
     0 | D:1      | Reached XP level 1. HP: 19/19 MP: 0/0
    44 | D:1      | Found a large runed translucent door.
    44 | D:1      | Found a large runed translucent door.
    69 | D:1      | Noticed an ogre
    72 | D:1      | Noticed an ogre
    72 | D:1      | Noticed an ogre
    75 | D:1      | Noticed an ogre
    86 | D:1      | Reached XP level 2. HP: 27/27 MP: 1/1
    90 | D:1      | Killed an ogre
    91 | D:1      | Reached XP level 3. HP: 11/35 MP: 2/2
    91 | D:1      | Reached XP level 4. HP: 12/41 MP: 3/3
    95 | D:1      | Reached skill level 5 in Axes
    95 | D:1      | Killed an ogre
    96 | D:1      | Reached skill level 5 in Fighting
    96 | D:1      | Reached XP level 5. HP: 16/48 MP: 4/4
    96 | D:1      | Killed an ogre
    97 | D:1      | Reached XP level 6. HP: 19/56 MP: 5/5
   594 | D:1      | Reached ** piety under Trog
   918 | D:2      | Identified a scroll of acquirement
   918 | D:2      | Acquired the +11 executioner's axe of Honour {freeze, rC++
                  | rN+ Str+3}
  1142 | D:2      | Found a faded altar of an unknown god.
  1570 | D:3      | Reached *** piety under Trog
  1925 | D:3      | Noticed Ijyb
  1930 | D:3      | Killed Ijyb
  1931 | D:3      | Reached XP level 7. HP: 63/63 MP: 6/6
  2291 | D:4      | Found a radiant altar of Vehumet.
  3021 | D:5      | Entered Level 5 of the Dungeon
  3079 | D:5      | Found a sparkling altar of Nemelex Xobeh.
  3167 | D:5      | Reached skill level 5 in Armour
  3167 | D:5      | Reached XP level 8. HP: 66/73 MP: 7/7
  3172 | D:5      | Found an ornate altar of the Wu Jian Council.
  3475 | D:5      | Reached **** piety under Trog
  3990 | D:6      | Noticed Grinder
  3995 | D:6      | Killed Grinder
  3996 | D:6      | Reached skill level 10 in Axes
  4106 | D:6      | Noticed Sigmund
  4110 | D:6      | Killed Sigmund
  4367 | D:6      | Reached XP level 9. HP: 67/82 MP: 8/8
  5111 | D:7      | Found a staircase to the Ecumenical Temple.
  5534 | D:7      | Found Cyump's Antique Armour Shoppe.
  5765 | D:8      | Found a staircase to the Lair.
  5849 | D:8      | Found an iron altar of Okawaru.
  5849 | D:8      | Found a shimmering blue altar of Sif Muna.
  5850 | D:8      | Found a white marble altar of Elyvilon.
  5861 | D:8      | Found a sacrificial altar of Ru.
  6024 | D:8      | Identified the +1 robe of the Original Sin {rF+ Int-5
                  | Dex+4}
  6175 | D:8      | Reached XP level 10. HP: 72/92 MP: 9/9
  6360 | D:8      | Noticed Grum
  6371 | D:8      | Killed Grum
  6371 | D:8      | Reached ***** piety under Trog
  6556 | D:9      | Reached skill level 10 in Fighting
  6915 | D:9      | Noticed an obsidian statue
  6919 | D:9      | Noticed a sun demon
  6919 | D:9      | Noticed a smoke demon
  7281 | D:10     | Entered Level 10 of the Dungeon
  7352 | D:10     | Noticed Sonja
  7359 | D:10     | Killed Sonja
  7507 | D:10     | Noticed Snorg
  7513 | D:10     | Killed Snorg
  7614 | D:10     | Reached skill level 10 in Armour
  7623 | D:10     | Reached XP level 11. HP: 102/102 MP: 10/10
  7670 | D:10     | Noticed Harold
  7676 | D:10     | Killed Harold
  7690 | D:10     | Noticed a two-headed ogre
  7698 | D:10     | Killed a two-headed ogre
  8043 | D:11     | Noticed a deep elf pyromancer
  8045 | D:11     | Noticed a red ugly thing
  8049 | D:11     | Noticed an eight-headed hydra
  8062 | D:11     | Found a transporter.
  8070 | D:11     | Noticed a two-headed ogre
  8070 | D:11     | Noticed Dega's ghost (journeyman SpHu)
  8071 | D:11     | Noticed a skeletal warrior
  8084 | D:11     | Noticed a two-headed ogre
  8084 | D:11     | Noticed a centaur warrior
  8085 | D:11     | Noticed a two-headed ogre
  8100 | D:11     | Noticed a two-headed ogre
  8107 | D:11     | Killed a two-headed ogre
  8108 | D:11     | Reached skill level 15 in Axes
  8192 | D:11     | Noticed a two-headed ogre
  8196 | D:11     | Killed a two-headed ogre
  8367 | D:11     | Found a transporter.
  8730 | D:11     | Killed a deep elf pyromancer
  8919 | Lair:1   | Entered Level 1 of the Lair of Beasts
  9101 | Lair:1   | Gained mutation: Your mind is acute. (Int +4, Str/Dex -1)
                  | [potion of mutation]
  9101 | Lair:1   | Gained mutation: You are agile. (Dex +4, Str/Int -1)
                  | [potion of mutation]
  9137 | Lair:1   | Lost mutation: Your mind is acute. (Int +4, Str/Dex -1)
                  | [potion of mutation]
  9137 | Lair:1   | Lost mutation: You are agile. (Dex +4, Str/Int -1) [potion
                  | of mutation]
  9137 | Lair:1   | Gained mutation: Your movements are slightly less
                  | encumbered by armour. (ER -2) [potion of mutation]
  9137 | Lair:1   | Gained mutation: You are strong-willed. (Will+) [potion of
                  | mutation]
  9138 | Lair:1   | Lost mutation: Your movements are slightly less encumbered
                  | by armour. (ER -2) [potion of mutation]
  9138 | Lair:1   | Lost mutation: You are strong-willed. (Will+) [potion of
                  | mutation]
  9138 | Lair:1   | Gained mutation: Your mind is acute. (Int +4, Str/Dex -1)
                  | [potion of mutation]
  9138 | Lair:1   | Lost mutation: Your mind is acute. (Int +4, Str/Dex -1)
                  | [potion of mutation]
  9139 | Lair:1   | Gained mutation: You have a pair of large horns on your
                  | head. [potion of mutation]
  9139 | Lair:1   | Gained mutation: Your system is resistant to poisons.
                  | (rPois) [potion of mutation]
  9354 | Lair:1   | Found a blossoming altar of Fedhas.
  9376 | Lair:1   | Noticed an oklob plant
  9763 | Lair:2   | Noticed a four-headed hydra
  9763 | Lair:2   | Noticed an eight-headed hydra
  9766 | Lair:2   | Killed a six-headed hydra
  9769 | Lair:2   | Reached XP level 12. HP: 113/113 MP: 11/11
  9771 | Lair:2   | Killed a 12-headed hydra
  9970 | Lair:2   | Found a staircase to the Swamp.
 10158 | Lair:2   | Noticed a four-headed hydra
 10163 | Lair:2   | Killed a seven-headed hydra
 10492 | Lair:3   | Noticed a five-headed hydra
 10495 | Lair:3   | Killed a seven-headed hydra
 10678 | Lair:3   | Found a hole to the Spider Nest.
 10760 | Lair:3   | Found a runed translucent gate.
 10760 | Lair:3   | Found a runed translucent gate.
 10760 | Lair:3   | Found a runed translucent gate.
 10761 | Lair:3   | Noticed Saziung's ghost (adept HuFi)
 10761 | Lair:3   | Noticed Feol's ghost (journeyman OgDe)
 10761 | Lair:3   | Noticed Jisoaxargh's ghost (journeyman SpHu)
 10762 | Lair:3   | Noticed hattey's ghost (journeyman HuWn)
 10762 | Lair:3   | Noticed Maefebo's ghost (journeyman TrTm)
 10808 | Lair:3   | Killed hattey's ghost
 10810 | Lair:3   | Killed Jisoaxargh's ghost
 10812 | Lair:3   | Killed Feol's ghost
 10815 | Lair:3   | Killed Saziung's ghost
 10817 | Lair:3   | Killed Maefebo's ghost
 10855 | Lair:3   | Identified the ring "Uwkay" {+Blink Dex+6 SInv}
 10902 | Lair:3   | Identified the +2 robe "Picouxij" {+Blink}
 11411 | Lair:4   | Reached XP level 13. HP: 92/123 MP: 12/12
 11477 | Lair:4   | Identified the +1 hand axe of Karma {freeze, +Blink}
 12207 | Lair:5   | Entered Level 5 of the Lair of Beasts
 12242 | Lair:5   | Received a gift from Trog
 12573 | Lair:5   | Found a runed translucent door.
 12580 | Lair:5   | Reached skill level 15 in Fighting
 12595 | Lair:5   | Received a gift from Trog
 12614 | Lair:5   | Found a viscous altar of Jiyva.
 12617 | Lair:5   | Found a staircase to the Slime Pits.
 12727 | Lair:5   | Reached XP level 14. HP: 135/135 MP: 13/13
 13300 | Lair:5   | Reached skill level 15 in Armour
 14114 | D:12     | Found a runed translucent door.
 14746 | D:12     | Found a staircase to the Orcish Mines.
 14806 | Orc:1    | Entered Level 1 of the Orcish Mines
 14906 | Orc:1    | Noticed an orc warlord
 14918 | Orc:1    | Killed an orc warlord
 14959 | Orc:1    | Found Ygydy's Antique Weapon Emporium.
 14962 | Orc:1    | Noticed Erica
 14968 | Orc:1    | Killed Erica
 15358 | Orc:2    | Entered Level 2 of the Orcish Mines
 15517 | Orc:2    | Found a dark tunnel.
 15530 | Volcano  | Entered a volcano
 15919 | Orc:2    | Noticed Jorgrun
 15935 | Orc:2    | Killed Jorgrun
 16158 | Orc:2    | Reached XP level 15. HP: 84/145 MP: 14/14
 16280 | Orc:2    | Found Zadoagargh's Book Shop.
 16280 | Orc:2    | Found Ylaru's General Store.
 16337 | Orc:2    | Found a staircase to the Elven Halls.
 16343 | Orc:2    | Found Wacim's Jewellery Shop.
 16343 | Orc:2    | Found Ozxobalo's Armour Emporium.
 16482 | Orc:2    | Bought the +11 gold dragon scales "Nozemaoc" {rElec rPois
                  | rF+ rC+} for 2105 gold pieces
 16557 | Orc:2    | Bought a ring of resist corrosion for 260 gold pieces
 16568 | Orc:2    | Bought a ring of protection from fire for 325 gold pieces
 16699 | Orc:2    | Found a shimmering blue altar of Sif Muna.
 16995 | Temple   | Entered the Ecumenical Temple
 17327 | Spider:1 | Entered Level 1 of the Spider Nest
 19136 | Spider:3 | Received a gift from Trog
 20044 | Spider:4 | Entered Level 4 of the Spider Nest
 20212 | Spider:4 | Noticed Asterion
 20217 | Spider:4 | Killed Asterion
 20402 | Spider:4 | Reached XP level 16. HP: 140/157 MP: 15/15
 20631 | Spider:4 | Received a gift from Trog
 20925 | Spider:4 | Got a gossamer rune of Zot
 21421 | D:13     | Identified the +6 battleaxe "Motupeotou" {drain, *Noise
                  | rElec Dex+7}
 21871 | D:13     | Found a gate to the Vaults.
 22780 | D:14     | Received a gift from Trog
 22924 | D:15     | Entered Level 15 of the Dungeon
 23076 | D:15     | Identified Roxanne's Volume of Metal
 23076 | D:15     | Noticed Roxanne
 23091 | D:15     | Killed Roxanne
 23096 | D:15     | Noticed Orra's ghost (adept MiAK)
 23124 | D:15     | Found a runed translucent gate.
 23124 | D:15     | Found a runed translucent gate.
 23124 | D:15     | Found a runed translucent gate.
 23145 | D:15     | Killed Orra's ghost
 23161 | D:15     | Reached XP level 17. HP: 129/170 MP: 16/16
 23529 | D:11     | Killed Dega's ghost
 23705 | D:15     | Identified the +1 great mace of Trog's Fury {antimagic, rF-
                  | rCorr Dex+3} (Trog gifted it to you on level 15 of the
                  | Dungeon)
 23705 | D:15     | Received a gift from Trog
 23807 | D:15     | Found a staircase to the Depths.
 24593 | Swamp:1  | Entered Level 1 of the Swamp
 24651 | Swamp:1  | Paralysed by a fenstrider witch for 3 turns
 24801 | Swamp:1  | Reached skill level 5 in Dodging
 26353 | Swamp:3  | Noticed a tentacled monstrosity
 26365 | Swamp:3  | Killed a tentacled monstrosity
 26385 | Swamp:3  | Reached XP level 18. HP: 97/182 MP: 17/17
 26820 | Swamp:3  | Reached skill level 10 in Dodging
 26944 | Swamp:4  | Entered Level 4 of the Swamp
 27199 | Swamp:4  | Noticed Bai Suzhen
 27207 | Swamp:4  | Killed Bai Suzhen
 27237 | Swamp:4  | Got a decaying rune of Zot
 27350 | Swamp:4  | Received a gift from Trog
 27615 | Slime:1  | Entered Level 1 of the Pits of Slime
 27634 | Slime:1  | Gained mutation: Your magical capacity is low. (-10% MP) [a
                  | shining eye]
 27637 | Slime:1  | Gained mutation: You are frail. (-10% HP) [a shining eye]
 27639 | Slime:1  | Gained mutation: You occasionally shout uncontrollably at
                  | your foes. [a shining eye]
 27934 | D:8      | Identified the +5 plate armour "Reutwuf" {Dex+2}
 28336 | Vaults:1 | Entered Level 1 of the Vaults
 28574 | Vaults:1 | Found Peog's Magic Scroll Shoppe.
 28584 | Vaults:1 | Found a portal to a secret trove of treasure.
 28585 | Vaults:1 | Found Vushrygo's Armour Shop.
 28874 | Vaults:1 | Found Iloblo's Weapon Emporium.
 28874 | Vaults:1 | Found Wour's Assorted Antiques.
 28887 | Vaults:1 | Received a gift from Trog
 29257 | Vaults:1 | Reached XP level 19. HP: 170/172 MP: 16/16
 29407 | Vaults:1 | Found Diyrafos's Armour Boutique.
 30068 | Vaults:2 | Reached ****** piety under Trog
 30114 | Vaults:2 | Found a magical portal.
 30123 | WizLab   | Entered Maxwell's Workshop
 30176 | WizLab   | Received a gift from Trog
 30259 | WizLab   | Identified the ring of Zisud {Fire Int-2 Dex+5}
 30609 | WizLab   | Noticed an electric golem
 30625 | WizLab   | Killed an electric golem
 30626 | WizLab   | Reached skill level 15 in Dodging
 30973 | Vaults:2 | Found a staircase to the Crypt.
 30973 | Vaults:2 | Found an ancient bone altar of Kikubaaqudgha.
 30974 | Vaults:2 | Found a basalt altar of Yredelemnul.
 31104 | Vaults:2 | Identified the ring of Qiun Oku {Wiz Contam rPois rCorr
                  | Slay+6}
 31122 | Vaults:2 | Received a gift from Trog
 31181 | Vaults:2 | Reached XP level 20. HP: 146/183 MP: 17/17
 31251 | Vaults:2 | Identified the staff of earth "Yqoqiz" {Str+3}
 31446 | Vaults:2 | Identified the +7 rapier of Uncomfortable Rashes {heavy,
                  | rPois rC+ Str+2 Int-3 Stlth+}
 32142 | Vaults:3 | Found Lifi's Weapon Boutique.
 32271 | Vaults:3 | Found Unevur's Armour Emporium.
 32666 | Vaults:3 | Found Luosiren's Weapon Boutique.
 32758 | Vaults:3 | Found Wuse's Antique Weapon Emporium.
 32764 | Vaults:3 | Bought a crude executioner's axe for 540 gold pieces
 32764 | Vaults:3 | Identified the +4 executioner's axe "Ixkavub" {vamp, rCorr
                  | Dex+2} (You bought it in a shop on level 3 of the Vaults)
 32870 | Vaults:3 | Received a gift from Trog
 33456 | Vaults:3 | Found Veut's Jewellery Emporium.
 33464 | Vaults:3 | Bought the macabre finger necklace {Finger+ rN+} for 600
                  | gold pieces
 33464 | Vaults:3 | Found the macabre finger necklace {Finger+ rN+}
 33720 | Vaults:4 | Reached XP level 21. HP: 162/192 MP: 17/17
 33917 | Vaults:4 | Found Suilal's Assorted Antiques.
 33924 | Vaults:4 | Bought a heavily runed turquoise ring for 160 gold pieces
 33924 | Vaults:4 | Identified the ring of Wishful Thinking {Wiz Dex+3} (You
                  | bought it in a shop on level 4 of the Vaults)
 34088 | Vaults:4 | Noticed Saint Roka
 34106 | Vaults:4 | Killed Saint Roka
 34117 | Vaults:4 | Received a gift from Trog
 35342 | Elf:1    | Entered Level 1 of the Elven Halls
 35562 | Elf:1    | Received a gift from Trog
 35907 | Elf:1    | Noticed skewfiend's ghost (journeyman DESu)
 35983 | Elf:1    | Found a runed translucent door.
 36036 | Elf:1    | Killed skewfiend's ghost
 36084 | Elf:1    | Received a gift from Trog
 36236 | Elf:1    | Identified the +0 leather armour of Conscience {rPois Str-3
                  | SInv Stlth+}
 36509 | Elf:2    | Found a runed translucent gate.
 36512 | Elf:2    | Found a runed translucent gate.
 36513 | Elf:2    | Found a runed translucent gate.
 36544 | Elf:2    | Found Cujum's Jewellery Shop.
 36905 | Elf:2    | Reached skill level 1 in Throwing
 37409 | Elf:3    | Entered Level 3 of the Elven Halls
 37627 | Elf:3    | Noticed Zenata
 37639 | Elf:3    | Killed Zenata
 38342 | Elf:3    | Identified the ring "Impek" {rPois rN+ Will+ Stlth+}
 38378 | Elf:3    | Lost mutation: You occasionally shout uncontrollably at
                  | your foes. [potion of mutation]
 38378 | Elf:3    | Lost mutation: Your system is resistant to poisons. (rPois)
                  | [potion of mutation]
 38378 | Elf:3    | Lost mutation: Your magical capacity is low. (-10% MP)
                  | [potion of mutation]
 38378 | Elf:3    | Gained mutation: You are weak. (Str -2) [potion of
                  | mutation]
 38378 | Elf:3    | Gained mutation: You have very sharp teeth. [potion of
                  | mutation]
 38380 | Elf:3    | Lost mutation: You have very sharp teeth. [potion of
                  | mutation]
 38380 | Elf:3    | Lost mutation: You are frail. (-10% HP) [potion of
                  | mutation]
 38380 | Elf:3    | Lost mutation: You have a pair of large horns on your head.
                  | [potion of mutation]
 38380 | Elf:3    | Gained mutation: You are dopey. (Int -2) [potion of
                  | mutation]
 38380 | Elf:3    | Gained mutation: You are frail. (-10% HP) [potion of
                  | mutation]
 38380 | Elf:3    | Gained mutation: Your movements are slightly less
                  | encumbered by armour. (ER -2) [potion of mutation]
 38408 | Elf:3    | Reached XP level 22. HP: 192/203 MP: 21/21
 38542 | Elf:3    | Found the +11 Singing Sword {sonic wave}
 38549 | Elf:3    | Identified the +7 great sword of the Solstice {protect, Fly
                  | rElec rC+ Stlth+}
 38679 | Elf:3    | Identified the +0 scale mail "Beter" {Int+2}
 38687 | Elf:3    | Identified the staff of fire "Dorig" {rF+ rC- Dex+5}
 38705 | Elf:3    | Identified the +6 spear of the Penguin {vamp, rElec MP+9
                  | Str+3}
 39014 | Elf:3    | Lost mutation: You are dopey. (Int -2) [potion of mutation]
 39014 | Elf:3    | Lost mutation: You are frail. (-10% HP) [potion of
                  | mutation]
 39014 | Elf:3    | Gained mutation: You have a somewhat thin skeletal
                  | structure. (Dex +2, Stealth+) [potion of mutation]
 39014 | Elf:3    | Gained mutation: Your body sometimes deteriorates upon
                  | taking damage. [potion of mutation]
 39014 | Elf:3    | Gained mutation: You passively map a small area around you.
                  | [potion of mutation]
 39014 | Elf:3    | Lost mutation: You are weak. (Str -2) [potion of mutation]
 39369 | Depths:1 | Entered Level 1 of the Depths
 39544 | Depths:1 | Identified the +6 hand axe "Hydrabane" {venom, Will+
                  | Stlth+}
 39903 | Depths:1 | Received a gift from Trog
 40089 | Depths:1 | Found a gateway to a bazaar.
 40262 | Bazaar   | Entered a bazaar
 40281 | Bazaar   | Found Heod's Assorted Antiques.
 40281 | Bazaar   | Found Noseusuo's Jewellery Shoppe.
 40320 | Bazaar   | Found Figoneci's Antique Armour Emporium.
 40320 | Bazaar   | Found Cergh's Magic Scroll Emporium.
 40648 | Depths:1 | Found a runed translucent door.
 40651 | Depths:1 | Found a radiant altar of Vehumet.
 40651 | Depths:1 | Noticed an ancient lich
 40660 | Depths:1 | Killed an ancient lich
 40846 | Depths:1 | Found a snail-covered altar of Cheibriados.
 40907 | Depths:1 | Found a gateway to Hell.
 41129 | Depths:2 | Received a gift from Trog
 41142 | Depths:2 | Reached skill level 5 in Throwing
 41350 | Depths:2 | Found a glowing silver altar of Zin.
 41554 | Depths:2 | Found a shimmering blue altar of Sif Muna.
 41624 | Depths:2 | Noticed an ancient lich
 41628 | Depths:2 | Noticed an ancient lich
 41630 | Depths:2 | Killed an ancient lich
 41633 | Depths:2 | Killed an ancient lich
 41858 | Depths:2 | Identified the +6 war axe of Cruel Justice {freeze, *Noise
                  | rF+ Dex+2}
 42002 | Depths:2 | Identified the +2 robe "Siekovuq" {Str+2 Stlth+}
 42011 | Depths:2 | Received a gift from Trog
 42181 | Depths:2 | Found a one-way gate leading to the halls of Pandemonium.
 42719 | Depths:3 | Found a one-way gate to the infinite horrors of the Abyss.
 42886 | Depths:3 | Found Dotiyviblu's Magic Scroll Boutique.
 42889 | Depths:3 | Found Keymm's General Store.
 42889 | Depths:3 | Found Itsuv's Armour Boutique.
 42894 | Depths:3 | Found Izajol's Weapon Shop.
 42914 | Depths:3 | Bought a potion of haste for 120 gold pieces
 43110 | Depths:3 | Reached XP level 23. HP: 220/236 MP: 22/22
 43572 | Depths:4 | Entered Level 4 of the Depths
 43696 | Depths:4 | Noticed a caustic shrike
 43696 | Depths:4 | Noticed a caustic shrike
 43696 | Depths:4 | Noticed a caustic shrike
 43696 | Depths:4 | Noticed a caustic shrike
 43698 | Depths:4 | Noticed a caustic shrike
 43701 | Depths:4 | Killed a caustic shrike
 43705 | Depths:4 | Killed a caustic shrike
 43708 | Depths:4 | Killed a caustic shrike
 43710 | Depths:4 | Killed a caustic shrike
 43712 | Depths:4 | Killed a caustic shrike
 43916 | Depths:4 | Found a one-way gateway to a ziggurat.
 43922 | Depths:4 | Noticed a juggernaut
 43929 | Depths:4 | Killed a juggernaut
 44233 | Depths:4 | Found a gate to the Realm of Zot.
 44348 | Depths:4 | Identified the orb of Courage {light, rElec Str+4}
 45465 | Slime:2  | Received a gift from Trog
 45841 | Slime:2  | Found a corrupted altar of Lugonu.
 45862 | Slime:1  | Noticed Donald
 46011 | Slime:1  | Killed Donald
 46052 | Slime:1  | Gained mutation: You are clumsy. (Dex -2) [a shining eye]
 46053 | Slime:1  | Gained mutation: Your magical capacity is low. (-10% MP) [a
                  | shining eye]
 46264 | Slime:3  | Received a gift from Trog
 46649 | Slime:5  | Entered Level 5 of the Pits of Slime
 46938 | Slime:5  | Reached XP level 24. HP: 202/247 MP: 19/19
 46974 | Slime:5  | Received a gift from Trog
 47434 | Slime:5  | Found a viscous altar of Jiyva.
 47435 | Slime:5  | Noticed the Royal Jelly
 47448 | Slime:5  | Killed the Royal Jelly
 47528 | Slime:5  | Identified the +7 war axe "Maaw" {vamp, Dex+6}
 47534 | Slime:5  | Identified the staff of earth "Wyik" {+Blink SInv Stlth+}
 47542 | Slime:5  | Identified the +0 scale mail of Yroas {rN+ Regen+}
 47544 | Slime:5  | Got a slimy rune of Zot
 47607 | Slime:5  | Identified the +2 mace of Lies {holy, Int+3}
 47634 | Slime:5  | Identified the +4 ring mail of Anaesthesia {rElec rF+++
                  | rC-}
 48121 | Zot:1    | Entered Level 1 of the Realm of Zot
 48616 | Zot:1    | Reached skill level 10 in Throwing
 48700 | Zot:1    | Identified the +9 quarterstaff of Fragile Peace {speed,
                  | rElec rCorr Int-4 Dex+2}
 49231 | Zot:1    | Identified the +4 battleaxe "Umnuufell" {flame, rF+ SInv}
                  | (Trog gifted it to you on level 1 of the Realm of Zot)
 49231 | Zot:1    | Received a gift from Trog
 49664 | Zot:1    | Reached skill level 27 in Fighting
 50895 | Zot:2    | Reached skill level 27 in Armour
 51053 | Zot:3    | Noticed an orb of fire
 51064 | Zot:3    | Killed an orb of fire
 51118 | Zot:3    | Received a gift from Trog
 51149 | Zot:3    | Identified the +3 scale mail of the Meadowlark {-Tele Harm
                  | rElec rN++}
 51225 | Zot:3    | Reached XP level 25. HP: 209/257 MP: 19/19
 52676 | Zot:4    | Identified the +3 ring mail of Oddana {rC+ Slay+2 SInv}
 52700 | Zot:4    | Noticed an orb of fire
 52710 | Zot:4    | Gained mutation: You occasionally lose the ability to read
                  | scrolls when taking damage. [an orb of fire]
 52711 | Zot:4    | Gained mutation: You sometimes lose the ability to read
                  | scrolls when taking damage. [an orb of fire]
 52712 | Zot:4    | Killed an orb of fire
 52717 | Zot:4    | Lost mutation: Your movements are slightly less encumbered
                  | by armour. (ER -2) [potion of mutation]
 52717 | Zot:4    | Lost mutation: You have a somewhat thin skeletal structure.
                  | (Dex +2, Stealth+) [potion of mutation]
 52717 | Zot:4    | Lost mutation: Your magical capacity is low. (-10% MP)
                  | [potion of mutation]
 52717 | Zot:4    | Lost mutation: You are clumsy. (Dex -2) [potion of
                  | mutation]
 53297 | Zot:5    | Entered Level 5 of the Realm of Zot
 53338 | Zot:5    | Received a gift from Trog
 53498 | Zot:5    | Reached skill level 27 in Dodging
 53597 | Zot:5    | Noticed an orb of fire
 53618 | Zot:5    | Killed an orb of fire
 54229 | Zot:5    | Noticed an orb of fire
 54237 | Zot:5    | Noticed an orb of fire
 54239 | Zot:5    | Killed an orb of fire
 54240 | Zot:5    | Reached skill level 15 in Throwing
 54256 | Zot:5    | Killed an orb of fire
 54524 | Zot:5    | Gained mutation: You are weak. (Str -2) [mutagenic glow]
 54539 | Zot:5    | Gained mutation: You are clumsy. (Dex -2) [mutagenic glow]
 54568 | Zot:5    | Noticed a Killer Klown
 54598 | Zot:5    | Killed a Killer Klown
 54730 | Zot:5    | Noticed a Killer Klown
 54750 | Zot:5    | Killed a Killer Klown
 54914 | Zot:5    | Noticed an orb of fire
 54930 | Zot:5    | Gained mutation: Potions are less effective at restoring
                  | your health. [an orb of fire]
 54934 | Zot:5    | Killed an orb of fire
 55072 | Zot:5    | Noticed an orb of fire
 55080 | Zot:5    | Killed an orb of fire
 55179 | Zot:5    | Noticed an orb of fire
 55197 | Zot:5    | Killed an orb of fire
 55322 | Zot:5    | Reached XP level 26. HP: 248/266 MP: 22/22
 55425 | Zot:5    | Noticed an orb of fire
 55429 | Zot:5    | Gained mutation: You are dopey. (Int -2) [an orb of fire]
 55430 | Zot:5    | Killed an orb of fire
 55445 | Zot:5    | Noticed an orb of fire
 55446 | Zot:5    | Noticed an orb of fire
 55449 | Zot:5    | Noticed an orb of fire
 55450 | Zot:5    | Gained mutation: Your magical capacity is low. (-10% MP)
                  | [an orb of fire]
 55452 | Zot:5    | Noticed an orb of fire
 55515 | Zot:5    | Lost mutation: You sometimes lose the ability to read
                  | scrolls when taking damage. [potion of mutation]
 55515 | Zot:5    | Lost mutation: You are clumsy. (Dex -2) [potion of
                  | mutation]
 55515 | Zot:5    | Lost mutation: You occasionally lose the ability to read
                  | scrolls when taking damage. [potion of mutation]
 55773 | Zot:5    | Killed an orb of fire
 55812 | Zot:5    | Killed an orb of fire
 56040 | Zot:5    | Killed an orb of fire
 56120 | Zot:5    | Gained mutation: Your magical capacity is very low. (-20%
                  | MP) [an orb of fire]
 56121 | Zot:5    | Gained mutation: Your body often deteriorates upon taking
                  | damage. [an orb of fire]
 56123 | Zot:5    | Killed an orb of fire
 56151 | Zot:5    | Lost intelligence.
 56153 | Zot:5    | Lost mutation: You are dopey. (Int -2) [potion of mutation]
 56153 | Zot:5    | Lost mutation: Your magical capacity is very low. (-20% MP)
                  | [potion of mutation]
 56170 | Zot:5    | Lost mutation: Your body often deteriorates upon taking
                  | damage. [potion of mutation]
 56170 | Zot:5    | Lost mutation: Your body sometimes deteriorates upon taking
                  | damage. [potion of mutation]
 56170 | Zot:5    | Lost mutation: Your magical capacity is low. (-10% MP)
                  | [potion of mutation]
 56170 | Zot:5    | Gained mutation: Your spells are a little easier to cast,
                  | but a little less powerful. [potion of mutation]
 56170 | Zot:5    | Gained mutation: You passively map the area around you.
                  | [potion of mutation]
 56170 | Zot:5    | Gained mutation: You are strong-willed. (Will+) [potion of
                  | mutation]
 56326 | Zot:5    | Got the Orb of Zot
 56455 | Zot:1    | Noticed Sim Lel the pandemonium lord
 56462 | Zot:1    | Noticed Buam the pandemonium lord
 56623 | Depths:1 | Noticed Ypankom the pandemonium lord
 56722 | D:14     | Noticed Engeh the pandemonium lord
 56726 | D:14     | Lost intelligence.
 56744 | D:14     | Killed Engeh the pandemonium lord
 57156 | D:$      | Escaped with the Orb!

Illustrated notes

Levels and vault maps discovered:
D:1:      erik_arrival_cave_to_civilisation [erik_arrival_cave_to_temple],
          layout_rooms, minivault_25
D:2:      cheibrodos_greedy_goblins, layout_loops_ring,
          chequers_ecumenical_altar_lobes
D:3:      layout_rooms, kennysheep_nondescript, hex_intersection, uniq_ijyb
D:4:      layout_basic, mainiacjoe_overflow_alcove_4
D:5:      layout_loops_cross, nemelex_diamond_rough_becter,
          nzn_wu_jian_contemplation
D:6:      lemuel_ratsnest, layout_loops_cross, corexii_checkpoint_b,
          hangedman_decor_points, minmay_fountain_box,
          nicolae_underground_beach, uniq_grinder, uniq_sigmund
D:7:      layout_gridville, minmay_temple_entry_junction, serial_shops,
          nicolae_shop_statue_plus, minmay_a_box_with_orc_wizards_in_it
D:8:      minmay_weird_star, layout_gridville,
          nicolae_overflow_quartered_altars, uniq_grum
D:9:      layout_cave_pools, minmay_statue_bubble
D:10:     layout_loops_ring, uniq_snorg, uniq_harold, uniq_sonja
D:11:     layout_cave_pods, nzn_ghost_randoct
D:12:     layout_loops_ring, hiddenorc1_lemuel, minmay_misc_feat_square,
          minivault_4, grunt_decor_junction, minmay_crystal_box
D:13:     layout_basic, skrybe_vaults_entry_preservation,
          minmay_mirror_moons_of_madness
D:14:     minmay_four_partial_circles, layout_long_grid,
          infiniplex_staircase_pool_2, kennysheep_flooded_box
D:15:     grunt_enter_depths_giant_problem, layout_stronghold,
          gammafunk_ghost_icy, pond, uniq_roxanne
Temple:   bh_familiar_temple
Lair:1:   layout_gridlike, tgw_fedhas
Lair:2:   layout_roguey, minmay_swamp_entry_eels, st_stairs_13,
          bh_autumn_forest_stairs, hangedman_lair_generics_rect
Lair:3:   layout_roguey, spider_nest_entry_a, gammafunk_ghost_cemetery
Lair:4:   dreamdust_cave_troll, layout_gridlike, kennysheep_abandoned_house
Lair:5:   guppyfry_lair_end_dragon, layout_regular_city,
          hangedman_lair_in_review, slime_entry_2, serial_bayou_shore_b
Swamp:1:  layout_basic_swamp, evilmike_swamp_ruin_house_2, swamp_pool5
Swamp:2:  layout_basic_swamp, evilmike_swamp_ruin_house_4, swamp_pool5,
          nicolae_swamp_round_clearing
Swamp:3:  nzn_winding_woodlands_cross [nzn_winding_woodlands_5x15_cabin,
          nzn_winding_woodlands_5x15_twine, nzn_winding_woodlands_5x15_sawtooth,
          nzn_winding_woodlands_5x15_jagged,
          nzn_winding_woodlands_15x15_killbox], layout_falls_marsh,
          nicolae_swamp_triple_paths
Swamp:4:  swamp, layout_basic_swamp, uniq_bai_suzhen
Spider:1: layout_spider_delve, hellmonk_test_site
Spider:2: layout_spider_delve, guppyfry_spider_mini_3
Spider:3: layout_spider_delve, nicolae_spider_circle_web
Spider:4: spider_rune_water, uniq_asterion
Slime:1:  layout_caves, uniq_donald
Slime:2:  layout_caves, amcnicky_altar_lugonu_corruption
Slime:3:  layout_caves, nicolae_slime_crime_time
Slime:4:  layout_caves
Slime:5
Orc:1:    layout_caves, serial_shops, shop, nicolae_orc_sculptors_studio,
          uniq_erica
Orc:2:    st_orc_town, layout_diamond_mine, enter_volcano_3, led_sif_book,
          uniq_jorgrun
Elf:1:    eino_elf_arrival_customs, layout_onion_city,
          hellmonk_ghost_happy_afterlife, minmay_elf_sorcery
Elf:2:    elven_hall_of_blades_hangedman_original
          [nicolae_blade_entry_antechamber], layout_gridlike, serial_shops, shop
Elf:3:    elf_hall_gauntlet_wide, layout_loops_corners, minivault_26,
          grunt_ministairs_13, drop_trap, uniq_zenata
Vaults:1: v_misc_27, nicolae_vaults_ring_of_whatevers, vaults_dpeg_ring,
          nicolae_vaults_little_squares_5, vaults_mumra_minichess,
          ontoclasm_vaults_bender, v_misc_33, nicolae_vaults_triangles,
          v_misc_8, serial_ice_h, v_misc_11, nicolae_vaults_specimen_jars,
          layout_vaults_maze_bifur, nicolae_trove_entry_isolated, serial_shops,
          shop, nicolae_shop_waterfront, shop, nicolae_shop_hallway_stairs,
          nicolae_shop_advertising_works [nicolae_subvault_shop_adworks]
Vaults:2: mu_enter_wizlab_5, hangedman_vaults_stretched_pinwheel, v_misc_11,
          v_pattern_2, minmay_crypt_entry_necro_gods, v_misc_15,
          nicolae_vaults_little_squares_6, st_greater_box_4,
          nicolae_vaults_hallways_thing, ontoclasm_vaults_pinch,
          vaults_standard_mumra_enter_the_diamond, vaults_dpeg_encased_lava,
          ontoclasm_vaults_decontamination, layout_vaults_omnicross
Vaults:3: dpeg_vaults_monster_row, nicolae_vaults_network_quincunx
          [nicolae_vaults_network_quincunx_subvault,
          nicolae_vaults_network_quincunx_subvault,
          nicolae_vaults_network_quincunx_subvault,
          nicolae_vaults_network_quincunx_subvault,
          nicolae_vaults_network_quincunx_subvault],
          dpeg_vaults_pockets_of_resistance, dpeg_vaults_monster_box,
          ontoclasm_vaults_hangar, v_rooms_4, nicolae_vaults_three_branches,
          hangedman_vaults_trim, vaults_dpeg_hooks, grunt_vaults_hallway_long,
          layout_vaults_chaotic_city, serial_shops, shop, shop,
          nicolae_shop_window_shopping, shop
Vaults:4: vaults_dpeg_spiral, hangedman_vaults_corner,
          ontoclasm_vaults_ring_large, grunt_vaults_funnel, v_misc_26,
          ontoclasm_vaults_chip, v_misc_18, v_alt_pattern_1, v_misc_32,
          layout_vaults_omnigrid, serial_shops, shop, uniq_saint_roka
Depths:1: layout_basic, pf_hell_entry_tar_spiral, cheibriados_altar_1,
          serial_shops, statue_bzr, grunt_absolute_annihilation,
          hangedman_decor_cross_pass
Depths:2: evilmike_library_of_no_secrets, layout_twisted_cross,
          grunt_pan_entry_spiral, grunt_hell_entry_dis_mu, nrook_uturn,
          zin_statuary
Depths:3: kennysheep_big_flooded_room, layout_honeycomb, hangedman_coc_ice_floe,
          dk_noncrumbling_4, abyss_entry, minmay_shoptagon,
          infiniplex_staircase_trident
Depths:4: grunt_zot_entry_hairpin, layout_gridlike, enter_ziggurat_e,
          hell_entry, chequers_serial_rivers_micro_c, lightli_corner_chamber
Zot:1:    layout_concentric_octagons, zot_minivault_1, grunt_megastairs_1
Zot:2:    layout_cellular_growth
Zot:3:    layout_concentric_octagons
Zot:4:    layout_onion_interference, st_stairs_6
Zot:5:    layout_misc_corridors, st_stairs_14, guppyfry_library_mini

Skill      XL: |  1  2  3  4  5  6  7  8  9 10 11 12 13 14 15 16 17 18 19 20 21 22 23 24 25 26 |
---------------+-------------------------------------------------------------------------------+-----
Fighting       | 4 5 6 7 8 9 11 12 13 15 16 17 19 21 22 23 24 25 26 27 | 27.0
Axes           | 4 5 6 8 10 12 14 16 18 20 22 23 24 | 24.0
Armour         | 3 5 6 8 10 11 13 14 15 17 19 20 21 22 23 24 25 26 27 | 27.0
Dodging        | 3 9 13 16 18 20 22 23 25 27 | 27.0
Throwing       | 2 6 9 11 16 19 | 19.6

Action                     |  1- 3 |  4- 6 |  7- 9 | 10-12 | 13-15 | 16-18 | 19-21 | 22-24 | 25-27 || total
---------------------------+-------+-------+-------+-------+-------+-------+-------+-------+-------++-------
  Melee: Hand axe          |    18 |    66 |       |       |       |       |       |       |       ||    84
         Headbutt          |     3 |    12 |    18 |    31 |   125 |   169 |   241 |   295 |   171 ||  1065
         Executioner's axe |       |    43 |   176 |   249 |   758 |   792 |   875 |  1011 |   528 ||  4432
         Punch             |       |     2 |       |       |       |       |       |       |       ||     2
  Throw: Throwing net      |       |       |       |       |       |       |     1 |       |       ||     1
 Invoke: Berserk           |     1 |       |     4 |     8 |    14 |     4 |     4 |     4 |     2 ||    41
         Trog's Hand       |       |       |       |     6 |    24 |    12 |    16 |    12 |    16 ||    86
         Brothers in Arms  |       |       |       |     1 |     4 |     8 |     8 |     4 |     5 ||    30
Ability: Evoke Blink       |       |       |       |       |     1 |       |       |       |     1 ||     2
  Evoke: Wand              |       |       |       |       |       |       |     1 |     2 |     3 ||     6
    Use: Scroll            |       |     6 |    10 |     8 |     4 |     4 |       |       |    11 ||    43
         Potion            |       |       |     1 |     4 |     3 |     1 |    12 |     3 |    14 ||    38
   Stab: Distracted        |       |       |       |       |     1 |     2 |     2 |     1 |     1 ||     7
         Petrified         |       |       |       |       |     1 |       |       |       |       ||     1
         Confused          |       |       |       |       |       |     3 |       |       |       ||     3
 Armour: Animal skin       |     3 |     1 |       |       |       |       |       |       |       ||     4
         Chain mail        |       |    45 |    88 |       |       |       |       |       |       ||   133
         Plate armour      |       |       |    12 |   219 |   340 |       |       |       |       ||   571
         Gold dragon scale |       |       |       |       |   212 |   675 |   474 |   550 |   308 ||  2219
  Dodge: Dodged            |    12 |    44 |    90 |   129 |   339 |   353 |   436 |   675 |   316 ||  2394

Table legend: (Time is in decaauts)
 A = Elapsed time spent in this place.
 B = Non-inter-level travel time spent in this place.
 C = Inter-level travel time spent in this place.
 D = Time resting spent in this place.
 E = Time spent auto-exploring this place.
 F = Levels seen in this place.
 G = Mean time per level.
                   A        B        C        D        E       F      G
               +--------+--------+--------+--------+--------+-----+--------+
         Total |  57127 |  52574 |   4553 |   4893 |  32401 |  55 | 1038.7 |
       Dungeon |  15318 |  13194 |   2124 |    323 |   9577 |  15 | 1021.2 |
        Temple |    189 |    169 |     20 |      0 |    155 |   1 |  189.0 |
          Lair |   5464 |   4545 |    919 |      0 |   3430 |   5 | 1092.8 |
         Swamp |   3100 |   2984 |    116 |    197 |   1950 |   4 |  775.0 |
   Spider Nest |   3864 |   3723 |    141 |    346 |   2180 |   4 |  966.0 |
    Slime Pits |   2583 |   2503 |     80 |    469 |    400 |   5 |  516.6 |
  Orcish Mines |   1911 |   1760 |    151 |    128 |    576 |   2 |  955.5 |
   Elven Halls |   3804 |   3567 |    237 |    202 |   2686 |   3 | 1268.0 |
        Vaults |   6033 |   5725 |    308 |    565 |   3612 |   4 | 1508.2 |
        Depths |   5723 |   5385 |    338 |    779 |   3389 |   4 | 1430.8 |
           Zot |   8175 |   8063 |    112 |   1749 |   4113 |   5 | 1635.0 |
        Bazaar |    118 |    118 |      0 |      0 |     79 |   1 |  118.0 |
       Volcano |    197 |    197 |      0 |     67 |      0 |   1 |  197.0 |
        Wizlab |    642 |    642 |      0 |     66 |    251 |   1 |  642.0 |
               +--------+--------+--------+--------+--------+-----+--------+

Top non-repeatable levels by time:
   Zot:5: 2967 daAuts
   Zot:1: 2143 daAuts
    D:12: 1801 daAuts
Depths:1: 1683 daAuts
   Elf:3: 1681 daAuts
Vaults:2: 1614 daAuts
Vaults:3: 1588 daAuts
Depths:2: 1514 daAuts
  Lair:5: 1499 daAuts
     D:8: 1429 daAuts
Vaults:1: 1428 daAuts
Vaults:4: 1402 daAuts
Depths:4: 1392 daAuts
   Orc:2: 1366 daAuts
 Swamp:3: 1176 daAuts
